| TOP OF THE 1ST |
|
Cedar Rapids Kernels batting - Pitching for Kannapolis Intimidators : RHP Andy Gibson
|
|
Pitching: RHP Andy Gibson
|
|
|
Batting: RHB David McDonald
|
0-0: Foul Ball, location: 2F 0-1: Fly out, F4 (Popup, 4S, EV 80.0 MPH)
|
|
Batting: RHB Kevin Harris
|
0-0: DOUBLE (Line Drive, 8LD, EV 100.0 MPH) - OUT at third base trying to stretch hit.
|
|
Batting: LHB Kuemon Shishido
|
0-0: Fly out, F8 (Flyball, 8LD, EV 105.0 MPH)
|
| Top of the 1st over - 0 runs, 1 hit, 0 errors, 0 left on base; Cedar Rapids 0 - Kannapolis 0 |
| BOTTOM OF THE 1ST |
|
Kannapolis Intimidators batting - Pitching for Cedar Rapids Kernels : RHP Dean Huch
|
|
Pitching: RHP Dean Huch
|
|
|
Batting: SHB Jose Castillo
|
0-0: Ball 1-0: Foul Ball, location: 2F 1-1: Ball 2-1: Ground out 6-3 (Groundball, 6, EV 81.9 MPH)
|
|
Batting: RHB Mike Warzecha
|
0-0: Ball 1-0: SINGLE (Groundball, 6MD, EV 103.8 MPH)
|
|
Batting: RHB Mark Jones
|
0-0: Called Strike 0-1: Called Strike 0-2: Fly out, F9 (Flyball, 9D, EV 100.0 MPH)
|
|
Batting: LHB Herkko Haavikko
|
0-0: Ball 1-0: Ball 2-0: SINGLE (Groundball, 34D, EV 83.1 MPH) (infield hit) Mike Warzecha to second
|
|
Batting: RHB Nick Kleckner
|
0-0: Foul Ball, location: 2F 0-1: Foul Ball, location: 2F 0-2: SINGLE (Groundball, 34D, EV 98.8 MPH) Mike Warzecha to third Herkko Haavikko to second Runner from 3rd tries for Home, throw by RF and OUT! 9-2
|
| Bottom of the 1st over - 0 runs, 3 hits, 0 errors, 2 left on base; Cedar Rapids 0 - Kannapolis 0 |
| TOP OF THE 2ND |
|
Cedar Rapids Kernels batting - Pitching for Kannapolis Intimidators : RHP Andy Gibson
|
|
Batting: LHB Shaun Price
|
0-0: Ball 1-0: Ball 2-0: Ground out 5-3 (Groundball, 6S, EV 85.6 MPH)
|
|
Batting: LHB Brian Wagner
|
0-0: Called Strike 0-1: Ball 1-1: Ball 2-1: SINGLE (Groundball, 15S, EV 69.4 MPH) (infield hit)
|
|
Batting: LHB Marvin Shepherd
|
0-0: Called Strike 0-1: Ball 1-1: Fielders Choice at 2nd, 6-4 (Groundball, 6S, EV 93.1 MPH)
|
|
Batting: RHB Nate Matson
|
0-0: Ball 1-0: Called Strike 1-1: Fly out, F9 (Flyball, 89S, EV 91.2 MPH)
|
| Top of the 2nd over - 0 runs, 1 hit, 0 errors, 1 left on base; Cedar Rapids 0 - Kannapolis 0 |
| BOTTOM OF THE 2ND |
|
Kannapolis Intimidators batting - Pitching for Cedar Rapids Kernels : RHP Dean Huch
|
|
Batting: RHB Armando Vazquez
|
0-0: Ball 1-0: Ground out 6-3 (Groundball, 6, EV 106.2 MPH)
|
|
Batting: RHB Jerry Edmiston
|
0-0: Ball 1-0: Swinging Strike 1-1: Called Strike 1-2: Foul Ball, location: 2F 1-2: Ball 2-2: Foul Ball, location: 2F 2-2: Foul Ball, location: 2F 2-2: Fly out, F9 (Flyball, 9LM, EV 93.1 MPH)
|
|
Batting: RHB Jose Marquez
|
0-0: Called Strike 0-1: Foul Ball, location: 2F 0-2: Ball 1-2: Strikes out swinging
|
| Bottom of the 2nd over - 0 runs, 0 hits, 0 errors, 0 left on base; Cedar Rapids 0 - Kannapolis 0 |
| TOP OF THE 3RD |
|
Cedar Rapids Kernels batting - Pitching for Kannapolis Intimidators : RHP Andy Gibson
|
|
Batting: LHB Hector Olvera
|
0-0: Ball 1-0: Called Strike 1-1: Ball 2-1: Swinging Strike 2-2: Strikes out swinging
|
|
Batting: RHB Antonio Santos
|
0-0: Swinging Strike 0-1: Ball 1-1: Swinging Strike 1-2: Foul Ball, location: 2F 1-2: Ball 2-2: Strikes out swinging
|
|
Batting: RHB David McDonald
|
0-0: Ball 1-0: Ball 2-0: Foul Ball, location: 2F 2-1: Foul Ball, location: 2F 2-2: SINGLE (Groundball, 34D, EV 96.9 MPH)
|
|
Batting: RHB Kevin Harris
|
0-0: Foul Ball, location: 2F 0-1: Ball David McDonald steals 2nd base (no throw) 1-1: Ball 2-1: Fly out, F7 (Flyball, 78D, EV 102.5 MPH)
|
| Top of the 3rd over - 0 runs, 1 hit, 0 errors, 1 left on base; Cedar Rapids 0 - Kannapolis 0 |
| BOTTOM OF THE 3RD |
|
Kannapolis Intimidators batting - Pitching for Cedar Rapids Kernels : RHP Dean Huch
|
|
Batting: RHB Santos Guadalupe
|
0-0: Called Strike 0-1: Ball 1-1: Ball 2-1: Ground out 1-3 (Groundball, 15, EV 65.6 MPH)
|
|
Batting: SHB Jose Castillo
|
0-0: Fly out, F8 (Flyball, 8RM, EV 85.6 MPH)
|
|
Batting: RHB Mike Warzecha
|
0-0: Ball 1-0: Ball 2-0: Fly out, F8 (Flyball, 8RM, EV 84.4 MPH)
|
| Bottom of the 3rd over - 0 runs, 0 hits, 0 errors, 0 left on base; Cedar Rapids 0 - Kannapolis 0 |
| TOP OF THE 4TH |
|
Cedar Rapids Kernels batting - Pitching for Kannapolis Intimidators : RHP Andy Gibson
|
|
Batting: LHB Kuemon Shishido
|
0-0: Called Strike 0-1: SINGLE (Groundball, 34D, EV 97.5 MPH)
|
|
Batting: LHB Shaun Price
|
0-0: Ball 1-0: Foul Ball, location: 2F 1-1: Fielders Choice at 2nd, 5-6 (Groundball, 56, EV 85.0 MPH)
|
|
Batting: LHB Brian Wagner
|
0-0: Swinging Strike 0-1: Ball 1-1: SINGLE (Groundball, 34D, EV 103.8 MPH) Shaun Price to second Runner from 2nd tries for 3rd, SAFE, throw by RF made to third
|
|
Batting: LHB Marvin Shepherd
|
0-0: Ball 1-0: Ball 2-0: Called Strike 2-1: Fielders Choice at 2nd, 1-6 (Groundball, 13, EV 70.6 MPH)
|
|
Batting: RHB Nate Matson
|
0-0: Ball 1-0: Ball Marvin Shepherd steals 2nd base 2-0: Called Strike 2-1: Swinging Strike 2-2: Ball 3-2: Foul Ball, location: 2F 3-2: Fly out, F7 (Flyball, 78M, EV 95.6 MPH)
|
| Top of the 4th over - 0 runs, 2 hits, 0 errors, 2 left on base; Cedar Rapids 0 - Kannapolis 0 |
| BOTTOM OF THE 4TH |
|
Kannapolis Intimidators batting - Pitching for Cedar Rapids Kernels : RHP Dean Huch
|
|
Batting: RHB Mark Jones
|
0-0: SINGLE (Groundball, 56D, EV 103.8 MPH)
|
|
Batting: LHB Herkko Haavikko
|
0-0: Ball 1-0: Foul Ball, location: 2F 1-1: Ball 2-1: Foul Ball, location: 2F 2-2: Foul Ball, location: 2F 2-2: Ball 3-2: Foul Ball, location: 2F 3-2: Base on Balls Mark Jones to second
|
|
Batting: RHB Nick Kleckner
|
0-0: Ball 1-0: Ball 2-0: Called Strike 2-1: Foul Ball, location: 2F 2-2: Strikes out looking
|
|
Batting: RHB Armando Vazquez
|
0-0: Foul Ball, location: 2F 0-1: Ball 1-1: Foul Ball, location: 2F 1-2: Strikes out swinging
|
|
Batting: RHB Jerry Edmiston
|
0-0: Called Strike 0-1: Ball 1-1: Ball 2-1: Ball 3-1: Fly out, F7 (Flyball, 7, EV 88.8 MPH)
|
| Bottom of the 4th over - 0 runs, 1 hit, 0 errors, 2 left on base; Cedar Rapids 0 - Kannapolis 0 |
| TOP OF THE 5TH |
|
Cedar Rapids Kernels batting - Pitching for Kannapolis Intimidators : RHP Andy Gibson
|
|
Batting: LHB Hector Olvera
|
0-0: Ball 1-0: Ball 2-0: Called Strike 2-1: Ball 3-1: Foul Ball, location: 2F 3-2: Strikes out swinging
|
|
Batting: RHB Antonio Santos
|
0-0: Fly out, F9 (Line Drive, 9S, EV 109.4 MPH)
|
|
Batting: RHB David McDonald
|
0-0: Ball 1-0: Called Strike 1-1: Swinging Strike 1-2: Strikes out looking
|
| Top of the 5th over - 0 runs, 0 hits, 0 errors, 0 left on base; Cedar Rapids 0 - Kannapolis 0 |
| BOTTOM OF THE 5TH |
|
Kannapolis Intimidators batting - Pitching for Cedar Rapids Kernels : RHP Dean Huch
|
|
Batting: RHB Jose Marquez
|
0-0: Foul Ball, location: 2F 0-1: Ball 1-1: SINGLE (Groundball, 56D, EV 105.6 MPH)
|
|
Batting: RHB Santos Guadalupe
|
0-0: Fielders Choice at 2nd, 5-4 (Groundball, 56, EV 82.5 MPH)
|
|
Batting: SHB Jose Castillo
|
0-0: 2-RUN HOME RUN (Line Drive, 89XD, EV 100.0 MPH), Distance : 402 ft
|
|
Batting: RHB Mike Warzecha
|
0-0: Called Strike 0-1: Fly out, F8 (Flyball, 8LD, EV 77.5 MPH)
|
|
Batting: RHB Mark Jones
|
0-0: Called Strike 0-1: Ball 1-1: Ball 2-1: Fly out, F7 (Flyball, 7, EV 95.0 MPH)
|
| Bottom of the 5th over - 2 runs, 2 hits, 0 errors, 0 left on base; Cedar Rapids 0 - Kannapolis 2 |
| TOP OF THE 6TH |
|
Cedar Rapids Kernels batting - Pitching for Kannapolis Intimidators : RHP Andy Gibson
|
|
Batting: RHB Kevin Harris
|
0-0: Ball 1-0: Fly out, F8 (Flyball, 8LM, EV 86.9 MPH)
|
|
Batting: LHB Kuemon Shishido
|
0-0: Fly out, F9 (Flyball, 89S, EV 83.1 MPH)
|
|
Batting: LHB Shaun Price
|
0-0: Ball 1-0: Ball 2-0: Fly out, F7 (Flyball, 7, EV 89.4 MPH)
|
| Top of the 6th over - 0 runs, 0 hits, 0 errors, 0 left on base; Cedar Rapids 0 - Kannapolis 2 |
| BOTTOM OF THE 6TH |
|
Kannapolis Intimidators batting - Pitching for Cedar Rapids Kernels : RHP Dean Huch
|
|
Batting: LHB Herkko Haavikko
|
0-0: Ball 1-0: Ball 2-0: Called Strike 2-1: Ball 3-1: Base on Balls
|
|
Batting: RHB Nick Kleckner
|
0-0: Called Strike 0-1: Ball 1-1: Foul Ball, location: 2F 1-2: Foul Ball, location: 2F 1-2: Fly out, F8 (Flyball, 8RS, EV 80.0 MPH)
|
|
Batting: RHB Armando Vazquez
|
0-0: Ball 1-0: TRIPLE (Groundball, 3L, EV 103.1 MPH) Herkko Haavikko scores
|
|
Batting: RHB Jerry Edmiston
|
0-0: Ball 1-0: Called Strike 1-1: Foul Ball, location: 2F 1-2: Foul Ball, location: 2F 1-2: Ball 2-2: Ground out 4-3 (Groundball, 34, EV 81.9 MPH) Armando Vazquez scores
|
|
Batting: RHB Jose Marquez
|
0-0: Called Strike 0-1: Ball 1-1: Foul Ball, location: 2F 1-2: Ground out 5-3 (Groundball, 5L, EV 90.6 MPH)
|
| Bottom of the 6th over - 2 runs, 1 hit, 0 errors, 0 left on base; Cedar Rapids 0 - Kannapolis 4 |
| TOP OF THE 7TH |
|
Cedar Rapids Kernels batting - Pitching for Kannapolis Intimidators : RHP Andy Gibson
|
|
Batting: LHB Brian Wagner
|
0-0: Fly out, F7 (Flyball, 78S, EV 81.2 MPH)
|
|
Batting: LHB Marvin Shepherd
|
0-0: Called Strike 0-1: Ball 1-1: Foul Ball, location: 2F 1-2: Ball 2-2: Ball 3-2: Base on Balls
|
|
Batting: RHB Nate Matson
|
0-0: Ball Marvin Shepherd steals 2nd base 1-0: Swinging Strike 1-1: Ground out 5-3 (Groundball, 5, EV 83.1 MPH)
|
|
Batting: LHB Hector Olvera
|
0-0: Swinging Strike 0-1: Ball 1-1: Called Strike 1-2: Fly out, F8 (Flyball, 8LD, EV 98.8 MPH)
|
| Top of the 7th over - 0 runs, 0 hits, 0 errors, 1 left on base; Cedar Rapids 0 - Kannapolis 4 |
| BOTTOM OF THE 7TH |
|
Kannapolis Intimidators batting - Pitching for Cedar Rapids Kernels : RHP Dean Huch
|
|
Pitching: RHP Bruce Wight
|
|
|
Batting: RHB Santos Guadalupe
|
0-0: Foul Ball, location: 2F 0-1: Called Strike 0-2: Ball 1-2: Strikes out swinging
|
|
Batting: SHB Jose Castillo
|
0-0: Swinging Strike 0-1: Called Strike 0-2: Strikes out swinging
|
|
Batting: RHB Mike Warzecha
|
0-0: Ground out 1-3 (Groundball, 13S, EV 68.1 MPH)
|
| Bottom of the 7th over - 0 runs, 0 hits, 0 errors, 0 left on base; Cedar Rapids 0 - Kannapolis 4 |
| TOP OF THE 8TH |
|
Cedar Rapids Kernels batting - Pitching for Kannapolis Intimidators : RHP Andy Gibson
|
|
Batting: RHB Antonio Santos
|
0-0: Ball 1-0: Foul Ball, location: 2F 1-1: Called Strike 1-2: Ball 2-2: Ball 3-2: Foul Ball, location: 2F 3-2: DOUBLE (Groundball, 3L, EV 98.1 MPH)
|
|
Batting: RHB David McDonald
|
0-0: Ball 1-0: SINGLE (Line Drive, 89S, EV 111.2 MPH) Antonio Santos to third
|
|
Batting: RHB Kevin Harris
|
0-0: Ball 1-0: Ball 2-0: Ball 3-0: Base on Balls David McDonald to second
|
|
Pitching: RHP Nate Myers
|
|
|
Batting: LHB Kuemon Shishido
|
0-0: Foul Ball, location: 2F 0-1: SINGLE (Groundball, 4MD, EV 100.0 MPH) Antonio Santos scores David McDonald to third Kevin Harris to second Runner from 3rd tries for Home, SAFE, throw by CF to home
|
|
Batting: LHB Shaun Price
|
0-0: Ball 1-0: Ball 2-0: Called Strike 2-1: Foul Ball, location: 2F 2-2: Fly out, F7 (Flyball, 7, EV 95.0 MPH)
|
|
Batting: LHB Brian Wagner
|
0-0: Called Strike 0-1: Ball 1-1: Ball 2-1: Ball 3-1: Foul Ball, location: 2F 3-2: Foul Ball, location: 2F 3-2: Foul Ball, location: 2F 3-2: Foul Ball, location: 2F 3-2: Base on Balls Kevin Harris to third Kuemon Shishido to second
|
|
Batting: LHB Marvin Shepherd
|
0-0: Ball 1-0: Ball 2-0: Foul Ball, location: 2F 2-1: Swinging Strike 2-2: Strikes out looking
|
|
Batting: RHB Nate Matson
|
0-0: SINGLE (Flyball, 4D, EV 88.8 MPH) Kevin Harris scores Kuemon Shishido to third Brian Wagner to second Runner from 3rd tries for Home, SAFE, throw by CF to home
|
|
Batting: LHB Hector Olvera
|
0-0: Foul Ball, location: 2F 0-1: Swinging Strike 0-2: SINGLE (Line Drive, 4D, EV 98.1 MPH) Brian Wagner to third Nate Matson to second Runner from 3rd tries for Home, SAFE, throw by CF to home
|
|
Batting: RHB Antonio Santos
|
0-0: Ball 1-0: Fielders Choice at 2nd, 5-4 (Groundball, 5, EV 88.8 MPH)
|
| Top of the 8th over - 5 runs, 5 hits, 0 errors, 2 left on base; Cedar Rapids 5 - Kannapolis 4 |
| BOTTOM OF THE 8TH |
|
Kannapolis Intimidators batting - Pitching for Cedar Rapids Kernels : RHP Bruce Wight
|
|
Batting: RHB Mark Jones
|
0-0: Foul Ball, location: 2F 0-1: Foul Ball, location: 2F 0-2: Ball 1-2: Ball 2-2: Foul Ball, location: 2F 2-2: Strikes out swinging
|
|
Batting: LHB Herkko Haavikko
|
0-0: Called Strike 0-1: Called Strike 0-2: Ball 1-2: Strikes out looking
|
|
Pinch Hitting: LHB James Groshong
|
0-0: Foul Ball, location: 2F 0-1: Ground out U3 (Groundball, 3, EV 84.4 MPH)
|
| Bottom of the 8th over - 0 runs, 0 hits, 0 errors, 0 left on base; Cedar Rapids 5 - Kannapolis 4 |
| TOP OF THE 9TH |
|
Cedar Rapids Kernels batting - Pitching for Kannapolis Intimidators : RHP Nate Myers
|
|
Pitching: RHP Chris Worster
|
|
|
Now at 3B: Luwen Storm
|
|
|
Batting: RHB David McDonald
|
0-0: Foul Ball, location: 2F 0-1: Called Strike 0-2: Foul Ball, location: 2F 0-2: Ball 1-2: SINGLE (Groundball, 6MD, EV 104.4 MPH)
|
|
Batting: RHB Kevin Harris
|
0-0: Ball 1-0: Ball David McDonald steals 2nd base (no throw) 2-0: Bunted foul 2-1: Ball 3-1: Sac Bunt to 23 - play at first, batter OUT! 3-4 David McDonald to third
|
|
Batting: LHB Kuemon Shishido
|
0-0: Foul Ball, location: 2F 0-1: Ball 1-1: Ball 2-1: Ground out 6-3 (Groundball, 6, EV 81.9 MPH)
|
|
Batting: LHB Shaun Price
|
0-0: Called Strike 0-1: Called Strike 0-2: Ball 1-2: Fly out, F5 (Popup, 56, EV 74.4 MPH)
|
| Top of the 9th over - 0 runs, 1 hit, 0 errors, 1 left on base; Cedar Rapids 5 - Kannapolis 4 |
| BOTTOM OF THE 9TH |
|
Kannapolis Intimidators batting - Pitching for Cedar Rapids Kernels : RHP Bruce Wight
|
|
Pitching: RHP Steven Legge
|
|
|
Now at 1B: Kevin Harris
|
|
|
Now at 2B: Tim Carter
|
|
|
Pinch Hitting: SHB Ethan Villalobos
|
0-0: Ball 1-0: Ball 2-0: Ball 3-0: Called Strike 3-1: Fly out, F4 (Popup, 3S, EV 76.2 MPH)
|
|
Pinch Hitting: LHB Vinny Siebecker
|
0-0: SOLO HOME RUN (Flyball, 89XD, EV 103.8 MPH), Distance : 422 ft
|
|
Batting: RHB Jose Marquez
|
0-0: Ball 1-0: Ball 2-0: Ball 3-0: Called Strike 3-1: Foul Ball, location: 2F 3-2: SINGLE (Groundball, 56D, EV 100.6 MPH)
|
|
Pinch Hitting: RHB Duncan Collins
|
0-0: Ball 1-0: Ball 2-0: SINGLE (Groundball, 34D, EV 105.6 MPH) Jose Marquez to second Runner from 2nd tries for 3rd, SAFE, throw by RF made to third
|
|
Batting: SHB Jose Castillo
|
0-0: Squeeze Bunt to 5S - play home, runner OUT, batter safe! 5-2 Duncan Collins to second
|
|
Pinch Runner at 2nd Dunlang Clark:
|
|
|
Batting: RHB Mike Warzecha
|
0-0: Ball 1-0: Ball 2-0: Swinging Strike 2-1: SINGLE (Line Drive, 3D, EV 101.2 MPH) Dunlang Clark to third Jose Castillo to second
|
|
Batting: RHB Mark Jones
|
0-0: Foul Ball, location: 2F 0-1: Foul Ball, location: 2F 0-2: SINGLE (Groundball, 34D, EV 78.8 MPH) (infield hit) Dunlang Clark scores
|
| Bottom of the 9th over - 2 runs, 5 hits, 0 errors, 2 left on base; Cedar Rapids 5 - Kannapolis 6 |
|